 Dungeon Crawl Stone Soup version 0.20-a0-269-g17f5411 (webtiles) character file.

154 Jarlath the Slasher (level 5, -6/34 HPs)
             Began as a High Elf Skald on Dec 8, 2016.
             Killed from afar by an orc wizard (10 damage)
             ... with a puff of flame
             ... on level 4 of the Dungeon.
             The game lasted 00:03:26 (4169 turns).

Jarlath the Slasher (High Elf Skald)                Turns: 4169, Time: 00:03:27

Health: -6/34      AC:  4    Str: 11    XL:     5   Next: 13%
Magic:  9/9        EV: 11    Int: 16    God:
Gold:   114        SH:  0    Dex: 15    Spells: 0/8 levels left

rFire  . . .     SeeInvis .     a - +0 falchion
rCold  . . .     Gourm    .     b - +0 leather armour
rNeg   . . .     Faith    .     (no shield)
rPois  .         Spirit   .     i - +0 helmet
rElec  .         Reflect  .     (no cloak)
rCorr  .         Harm     .     (no gloves)
MR     .....                    (no boots)
Stlth  +.........               o - amulet of magic regeneration
                                (no ring)
                                (no ring)

@: no status effects
A: no striking features
a: no special abilities


You were on level 4 of the Dungeon.
You were not hungry.

You visited 1 branch of the dungeon, and saw 4 of its levels.

You collected 114 gold pieces.

Inventory:

Hand Weapons
 a - a +0 falchion (weapon)
Armour
 b - a +0 leather armour (worn)
 i - a +0 helmet (worn)
Jewellery
 o - an amulet of magic regeneration (around neck)
Wands
 e - a wand of polymorph (0/24)
Scrolls
 d - a scroll of enchant weapon {unknown}
 f - a scroll of fog
 g - a scroll of recharging {unknown}
 h - 3 scrolls of remove curse
 p - 2 scrolls of identify {unknown}
Potions
 k - a potion of brilliance {unknown}
 l - a potion of haste
 r - a potion of ambrosia {unknown}
Books
 c - a book of Battle

   Spells                             Type                      Level
   a - Infusion                       Charms                       1
   b - Shroud of Golubria             Charms/Translocation         2
   c - Song of Slaying                Charms                       2
   d - Spectral Weapon                Hexes/Charms                 3
   e - Regeneration                   Charms/Necromancy            3
Comestibles
 j - 2 bread rations
 m - 8 fruits
 n - a slice of pizza
 q - 2 beef jerkies


   Skills:
 - Level 2.0 Fighting
 + Level 6.5 Long Blades
 - Level 0.8 Armour
 - Level 1.1 Dodging
 - Level 2.4 Spellcasting
 - Level 3.6 Charms


You couldn't memorise any spells.
You knew the following spells:

 Your Spells              Type           Power        Failure   Level  Hunger
a - Infusion              Chrm           ##..         8%          1    #......
b - Song of Slaying       Chrm           ##......     12%         2    ###....
c - Shroud of Golubria    Chrm/Tloc      #.........   21%         2    ###....
d - Regeneration          Chrm/Necr      #.........   43%         3    ###....


Dungeon Overview and Level Annotations

Branches:
Dungeon (4/15)
 Temple: D:4-7

Altars:
Kikubaaqudgha
Okawaru


Message History

Something hits you but does no damage.
You bump into the rock wall.
The orc wizard hits you but does no damage.
You hear some strange, mumbled words.
You are more confused.
The orc wizard casts a spell at you. The puff of flame hits you!
You miss something.
Your magical infusion is running out.
The orc wizard barely misses you.
You're too confused to move!
The orc wizard points at you and mumbles some strange words.
The puff of flame hits you!
* * * LOW HITPOINT WARNING * * *
You bump into the rock wall.
You feel less confused.
You are no longer magically infusing your attacks.
The orc wizard casts a spell at you. The puff of flame hits you!
You die...

#.....# #.....#
..../. #.....#
......##.....#
.......###..##
..o.o #{o.#
.{.o###.#o##
#o..#o.#..####
#o.#)###@#..#
#..#o###....#
#o.....#..<.#
#.##.#.#.#.##
#.#......#.#
#.#[#.#....##
#.#.#.#.#...#
#.#.#.#.#.#.#
######.#.#.#.#.#.#


You could see an orc wizard and an orc.

Vanquished Creatures
  7 adders
  3 gnolls
  An ooze (D:2)
  A worm (D:2)
  4 dart slugs
  2 orcs
  3 bats
  2 giant cockroaches
  3 goblins (D:2)
  3 hobgoblins
  7 jackals
  7 kobolds
  A quokka (D:3)
  A frilled lizard (D:1)
  A rat (D:1)
46 creatures vanquished.

Notes
Turn   | Place    | Note
-------+----------+-------------------------------------------
     0 | D:1      | Jarlath the High Elf Skald began the quest for the Orb.
     0 | D:1      | Reached XP level 1. HP: 14/14 MP: 4/4
   179 | D:1      | Reached skill level 3 in Long Blades
   266 | D:1      | Reached XP level 2. HP: 19/19 MP: 6/6
   980 | D:1      | Learned a level 2 spell: Song of Slaying
   983 | D:1      | Learned a level 2 spell: Shroud of Golubria
  1043 | D:1      | Reached skill level 4 in Long Blades
  1075 | D:1      | Reached XP level 3. HP: 1/24 MP: 3/7
  1705 | D:2      | Reached skill level 5 in Long Blades
  2235 | D:2      | Reached XP level 4. HP: 29/29 MP: 8/8
  2290 | D:2      | Found an iron altar of Okawaru.
  2304 | D:2      | HP: 1/29 [jackal (3)]
  3187 | D:2      | Found an ancient bone altar of Kikubaaqudgha.
  3258 | D:2      | Reached skill level 6 in Long Blades
  3438 | D:3      | Reached XP level 5. HP: 33/34 MP: 3/9
  3443 | D:3      | Learned a level 3 spell: Regeneration
  3884 | D:3      | Found a faded altar of an unknown god.
  4169 | D:4      | Killed from afar by an orc wizard

Vault maps used:
D:1:      lightli_arrival_boilingwater
D:2:      nicolae_overflow_crystal_walls, first_bread, okawaru_trees_2
D:3:      chequers_ecumenical_altar_twisty, minmay_statues_item,
          hangedman_decor_growths
D:4:      serial_glass, glass_columns_a, glass_columns_a

Skill      XL: |  1  2  3  4 |
---------------+-------------+-----
Long Blades    | 3 4 5 6 |  6.5
Fighting       | |  2.0
Armour         | |  0.8
Dodging        | |  1.1
Spellcasting   | |  2.4
Charms         | |  3.6

Action                   |  1- 3 |  4- 6 || total
-------------------------+-------+-------++-------
Melee: Falchion          |    73 |    73 ||   146
 Cast: Infusion          |    11 |     8 ||    19
       Shroud of Golubri |     1 |     3 ||     4
Evoke: Wand              |     3 |       ||     3
  Use: Potion            |     1 |     3 ||     4
       Scroll            |       |     4 ||     4
 Stab: Sleeping          |     1 |       ||     1
  Eat: Bread ration      |     1 |       ||     1
       Chunk             |       |     4 ||     4
       Royal jelly       |       |     1 ||     1
Armor: Leather armour    |    24 |    28 ||    52
Dodge: Dodged            |    58 |    61 ||   119
       Rpst.: Falchion   |    18 |    21 ||    39
